Cogmind - Beta 12 X2 @@@ ROGUE MODE // 2022.09.03 @ 17:23:28 Player: Jezoensis Result: Self-destructed Performance ------------- Evolutions (4) 2000 Regions Visited (13) 2600 Robots Destroyed (80) 400 Value Destroyed (2316) 2316 Prototype IDs (32) 640 Alien Tech Used (0) 0 Bonus (1635) 1635 TOTAL SCORE: 9591 Bonus ------- High Alert Combat Kills 107 Follower Combat Kills 46 Entered Garrisons 200 Used RIF Installer 500 Entered DSFs 500 Aligned with FarCom 300 Friendly Fire -18 Cogmind --------- Core Integrity 838/850 Matter 300/300 Energy 252/252 System Corruption 0% Temperature Cool (0) Movement Rolling (105) Location -6/Factory Parts ------- > --- POWER (1) -------- Nuclear-Ion Core > --- PROPULSION (4) --- Wheeled Compact-Armored Exoskeleton Armored Wheel Armored Wheel > --- UTILITY (7) ------ Armored Scrap Engine Improved Heat Sink High-capacity Storage Unit Advanced Terrain Scan Processor Weapon Cycler > --- WEAPON (3) ------- KE Penetrator Ballistic Construct/G Shotgun Kinetic HMG Construct/G > --- INVENTORY (20) --- Reinforced Deuterium Engine Light Treads Improved Treads Improved Treads Armored Treads Medium Treads Armored Wheel Coolant Injector Huge Storage Unit High-capacity Matter Pod (200) Hardlight Generator High-powered Tractor Beam Heavy EM Shotgun Plasma Cannon Heavy Plasma Cannon Heavy Assault Rifle Autogun Field Lobotomy Kit (2) Chainsword Peak State ------------ > --- POWER ------------ Nuclear-Ion Core > --- PROPULSION ------- Wheeled Compact-Armored Exoskeleton Armored Wheel Armored Wheel > --- UTILITY ---------- Armored Scrap Engine Improved Heat Sink High-capacity Storage Unit Advanced Terrain Scanner Advanced Terrain Scan Processor Weapon Cycler > --- WEAPON ----------- KE Penetrator Ballistic Construct/G Shotgun Kinetic HMG Construct/G > --- INVENTORY -------- Reinforced Deuterium Engine Light Treads Improved Treads Improved Treads Armored Treads Medium Treads Armored Wheel Coolant Injector Huge Storage Unit High-capacity Matter Pod Hardlight Generator High-powered Tractor Beam Heavy EM Shotgun Plasma Cannon Heavy Plasma Cannon Heavy Assault Rifle Autogun Field Lobotomy Kit Chainsword [Rating: 65] Favorites ----------- Power Heavy Ion Engine Engine Heavy Ion Engine Power Core Nuclear-Ion Core Propulsion Wheel Treads Light Treads Wheel Wheel Utility Advanced Terrain Scan Processor Device Improved Terrain Scanner Storage High-capacity Storage Unit Processor Advanced Terrain Scan Processor Protection Improved Light Armor Plating Weapon Heavy EM Shotgun Energy Gun Heavy EM Shotgun Ballistic Gun Assault Rifle Launcher Shock Bomb Launcher Special Weapon Field Lobotomy Kit Piercing Weapon Makeshift Spear Build | -11 -10 -10 -9 -9 -9 -8 -8 -8 -7 -7 -7 -7 -6 ------- Run | Scr Mat Min Mat Min Exi Min Mat Gar Fac Was Fac DSF Fac Slots Evolved 8 | . . . 2 . . . 2 . 2 . . . 2 Power . | . . . . . . . . . . . . . . Propulsion 2 | . . . 1 . . . . . 1 . . . . Utility 5 | . . . 1 . . . 1 . 1 . . . 2 Weapon 1 | . . . . . . . 1 . . . . . . Parts Attached 168 | 10 16 16 25 5 1 3 29 34 3 1 1 20 4 Power 9 | 2 . 1 2 . . 1 3 . . . . . . Engine 9 | 2 . 1 2 . . 1 3 . . . . . . Core . | . . . . . . . . . . . . . . Reactor . | . . . . . . . . . . . . . . Propulsion 45 | 3 5 7 6 2 . . 6 7 1 . . 6 2 Treads 18 | . 2 3 3 1 . . 2 3 . . . 3 1 Leg . | . . . . . . . . . . . . . . Wheel 27 | 3 3 4 3 1 . . 4 4 1 . . 3 1 Hover . | . . . . . . . . . . . . . . Flight . | . . . . . . . . . . . . . . Utility 62 | 3 4 3 10 1 1 2 10 18 1 . . 7 2 Device 49 | 2 2 2 6 . . 2 8 17 1 . . 7 2 Storage 7 | 1 2 1 1 . 1 . . 1 . . . . . Processor 4 | . . . 3 1 . . . . . . . . . Hackware . | . . . . . . . . . . . . . . Protection 2 | . . . . . . . 2 . . . . . . Artifact . | . . . . . . . . . . . . . . Weapon 52 | 2 7 5 7 2 . . 10 9 1 1 1 7 . Energy Gun 21 | 1 2 4 3 2 . . 2 4 . . 1 2 . Energy Cannon . | . . . . . . . . . . . . . . Ballistic Gun 16 | 1 2 . 1 . . . 6 2 . . . 4 . Ballistic Cannon . | . . . . . . . . . . . . . . Launcher 6 | . . . 3 . . . . 3 . . . . . Special Weapon 5 | . 3 . . . . . . . . 1 . 1 . Impact Weapon . | . . . . . . . . . . . . . . Slashing Weapon . | . . . . . . . . . . . . . . Piercing Weapon 4 | . . 1 . . . . 2 . 1 . . . . Special Melee Weapon . | . . . . . . . . . . . . . . Unidentified Prototypes 3 | . . 1 . . . . 2 . . . . . . Parts Lost 15 | . . 8 . . . . 2 3 . . . 1 1 Power 1 | . . 1 . . . . . . . . . . . Propulsion 4 | . . 2 . . . . . 1 . . . 1 . Utility 1 | . . . . . . . . . . . . . 1 Weapon 9 | . . 5 . . . . 2 2 . . . . . Highest Loss Streak 8 | . . 8 . . . . 1 1 . . . 1 1 To Critical Strikes . | . . . . . . . . . . . . . . Average Slot Usage (%) 96 | . 99 94 98 100 100 100 98 99 79 92 92 84 83 Engine 9 | . 14 14 11 11 11 11 9 9 7 7 7 6 . Treads 7 | . . 1 11 11 11 11 9 10 7 7 7 9 1 Wheel 21 | . 26 26 22 22 22 22 17 16 22 23 23 19 17 Device 14 | . 13 14 11 11 11 11 10 17 15 15 15 15 24 Storage 10 | . 14 14 11 11 11 11 9 9 7 7 7 7 6 Processor 7 | . . . 10 11 11 11 9 9 7 7 7 7 6 Energy Gun 11 | . 12 9 7 15 22 22 7 14 9 7 15 5 7 Ballistic Gun 8 | . 10 9 7 6 . . 14 10 . . . 9 10 Piercing Weapon 2 | . . 4 3 . . . 4 . . 7 7 . . Naked Turns . | . . . . . . . . . . . . . . Heaviest Build 66 | 15 31 31 37 35 55 57 64 64 61 64 60 66 63 Greatest Support 64 | 32 26 26 26 20 20 20 26 26 42 42 42 42 64 Greatest Overweight (x) 5 | . 3 1 1 1 2 2 5 3 1 1 1 2 2 Average Overweight (x) 1 | . . . . 1 1 2 2 2 1 1 1 1 1 Largest Inventory Capacity 20 | 8 15 15 15 15 20 20 20 20 20 20 20 20 20 Average Capacity 17 | 7 12 13 13 15 15 20 20 20 20 20 20 20 20 Most Carried 20 | 6 15 15 15 15 16 19 20 20 20 18 18 20 19 Average Carried 16 | 3 11 13 12 14 15 17 19 19 17 17 18 18 18 Final Capacity 20 | 8 15 10 15 15 20 20 20 20 20 20 20 20 20 Final Carried 20 | 6 15 10 15 15 16 19 20 19 18 18 18 19 19 Class Distribution -------------------- 24% | Mutant 24% | Skirmisher 20% | Scavenger-Mutant 10% | Assassin 7% | Scavenger-Skirmisher 5% | Commander-Mutant 5% | Scavenger-Assassin Dominant Class ---------------- Mutant | -10/Materials Commander-Mutant | -10/Mines Scavenger-Mutant | -9/Materials Scavenger-Mutant | -9/Mines Scavenger-Mutant | -9/Exiles Scavenger-Skirmisher | -8/Mines Skirmisher | -8/Materials Skirmisher | -8/Garrison Mutant | -7/Factory Assassin | -7/Waste Assassin | -7/Factory Skirmisher | -7/DSF Construct | -6/Factory Resources | -11 -10 -10 -9 -9 -9 -8 -8 -8 -7 -7 -7 -7 -6 ----------- Run | Scr Mat Min Mat Min Exi Min Mat Gar Fac Was Fac DSF Fac Matter Collected 2541 | 312 124 222 294 96 20 20 414 559 . . . 387 93 Remotely 549 | . . . . . . . . 299 . . . 250 . Salvage Created 3167 | 134 86 97 618 97 . 171 573 992 . . . 213 186 Parts 201 | 8 11 . 49 8 . 12 37 56 . . . 12 8 Haulers Intercepted 3 | . . . 1 . . . 2 . . . . . . Recyclers Shooed 3 | 1 . . . . . 1 1 . . . . . . Parts Field Recycled . | . . . . . . . . . . . . . . Retrieved Matter . | . . . . . . . . . . . . . . Parts Self-Destructed . | . . . . . . . . . . . . . . Prevented . | . . . . . . . . . . . . . . Kills | -11 -10 -10 -9 -9 -9 -8 -8 -8 -7 -7 -7 -7 -6 ------- Run | Scr Mat Min Mat Min Exi Min Mat Gar Fac Was Fac DSF Fac Combat Hostiles Destroyed 65 | . 4 7 14 . . 4 8 24 . . . 3 1 Melee 2 | . . 1 1 . . . . . . . . . . Guns 41 | . 4 6 5 . . 4 8 11 . . . 2 1 AOE 22 | . . . 8 . . . . 13 . . . 1 . Classes Destroyed 16 | 2 2 2 6 . . . 1 2 . . . 1 . Worker 3 | . . . 1 . . . 1 . . . . . 1 Builder 3 | . . . 2 . . . 1 . . . . . . Tunneler 3 | 2 . . . 1 . . . . . . . . . Hauler 3 | . . . 1 . . . 2 . . . . . . Recycler 6 | 1 . . . 1 . 2 1 . . . . . 1 Operator 1 | . 1 . . . . . . . . . . . . Watcher 2 | . . . 1 . . . 1 . . . . . . Swarmer 20 | . 4 . 4 . . 4 . 7 . . . 1 . Cutter 2 | . . . . . . . . 2 . . . . . Grunt 21 | . . . 8 . . . 4 9 . . . . . Brawler 2 | . . . . . . . . 2 . . . . . Sentry 10 | . . . 2 . . . 3 4 . . . . 1 Demolisher 1 | . . 1 . . . . . . . . . . . Specialist 2 | . . . . . . . . . . . . 2 . Hunter 1 | . . . . . . . 1 . . . . . . Assembled 6 | . . 6 . . . . . . . . . . . Best Kill Streak 14 | 3 4 6 14 1 . 4 8 14 . . . 2 3 Combat Bots Only 14 | . 3 6 12 . . 4 3 14 . . . 2 1 Max Kills in Single Turn 4 | 1 2 1 4 1 . 1 2 3 . . . 1 1 Gunslinging 1 | . 1 . . . . . 1 . . . . . . Exploded 4 | . . . 4 . . . . 3 . . . 1 . Melee 1 | . . 1 1 . . . . . . . . . . Uniques/NPCs Destroyed . | . . . . . . . . . . . . . . Combat | -11 -10 -10 -9 -9 -9 -8 -8 -8 -7 -7 -7 -7 -6 -------- Run | Scr Mat Min Mat Min Exi Min Mat Gar Fac Was Fac DSF Fac Damage Taken 3077 | . 66 849 265 20 . 37 548 658 . . . 341 293 Core 388 | . 19 133 37 . . . 84 47 . . . 56 12 Absorbed by Shields 132 | . . . 48 . . 40 20 24 . . . . . Core Remaining (%) 79 | 100 . 39 . . . 90 . 76 . . . 92 . Volleys Fired 145 | 4 14 18 24 4 . 6 20 33 . 1 1 11 9 Largest 3 | 2 2 2 2 2 . 2 3 3 . 1 1 3 3 Hottest 156 | 60 100 65 76 136 . 136 156 131 . . . 111 151 Shots Fired 298 | 8 21 32 40 8 . 12 58 68 . 1 1 24 25 Gun 272 | 8 14 32 34 8 . 12 58 58 . . . 23 25 Cannon . | . . . . . . . . . . . . . . Launcher 16 | . . . 6 . . . . 10 . . . . . Special 10 | . 7 . . . . . . . . 1 1 1 . Kinetic 154 | 4 7 15 18 2 . . 38 34 . . . 20 16 Thermal 78 | . 7 . 16 6 . 12 20 8 . . . . 9 Explosive . | . . . . . . . . . . . . . . Electromagnetic 63 | 4 7 17 6 . . . . 26 . . . 3 . Robot Hit Streak 21 | 3 3 4 4 2 . 6 11 21 . 9 10 12 5 Robot Miss Streak 7 | 1 2 5 4 3 . 1 7 7 . . . 4 3 Penetration Max . | . . . . . . . . . . . . . . Secondary Targets 8 | . 1 4 . . . 1 1 1 . . . . . Max Gunslinging Chain 1 | . 1 1 . . . 1 1 1 . . . . . Shots Hit Robots 202 | 5 7 20 22 5 . 10 51 46 . 1 1 14 20 Core Hits 161 | 4 6 13 23 3 . 8 46 46 . . . 6 6 Critical Kills . | . . . . . . . . . . . . . . Critical Parts Destroyed 1 | . . . . . . . . . . . . . 1 Critical Strikes 4 | 1 . . 1 . . 1 . . . . . . 1 Burn 2 | . . . 1 . . 1 . . . . . . . Destroy 1 | . . . . . . . . . . . . . 1 Corrupt 1 | 1 . . . . . . . . . . . . . Melee Attacks 21 | . . 3 5 . . . 10 1 1 . 1 . . Impact . | . . . . . . . . . . . . . . Slashing . | . . . . . . . . . . . . . . Piercing 21 | . . 3 5 . . . 10 1 1 . 1 . . Sneak Attacks 3 | . . . . . . . 3 . . . . . . Combat Hostiles . | . . . . . . . . . . . . . . Follow-up Attacks . | . . . . . . . . . . . . . . Damage Inflicted 4803 | 73 95 328 853 54 . 140 1039 1440 . . . 375 406 Guns 3095 | 73 95 276 243 54 . 140 882 695 . . . 231 406 Cannons . | . . . . . . . . . . . . . . Explosions 1447 | . . . 558 . . . . 745 . . . 144 . Melee 261 | . . 52 52 . . . 157 . . . . . . Ramming . | . . . . . . . . . . . . . . Kinetic 1452 | 36 27 145 98 12 . . 431 236 . . . 209 258 Thermal 1737 | . . . 435 42 . 140 451 377 . . . 144 148 Explosive . | . . . . . . . . . . . . . . Electromagnetic 1353 | 37 68 131 268 . . . . 827 . . . 22 . Impact . | . . . . . . . . . . . . . . Slashing . | . . . . . . . . . . . . . . Piercing 261 | . . 52 52 . . . 157 . . . . . . Highest Corruption 9 | . . . . . . . 5 5 . 9 9 9 . Average Corruption 6 | . . . . . . . 5 5 . 9 9 9 . Corruption Purged . | . . . . . . . . . . . . . . Corruption Blocked . | . . . . . . . . . . . . . . Effects 43 | . . . . . . . 6 20 . 6 4 7 . Message Errors 15 | . . . . . . . 2 9 . 2 1 1 . Matter Fused 10 | . . . . . . . 1 2 . 2 1 4 . Heat Flow Errors 4 | . . . . . . . . 3 . 1 . . . Energy Discharges 3 | . . . . . . . 1 2 . . . . . Parts Rejected 1 | . . . . . . . . 1 . . . . . Data Loss (minor) 6 | . . . . . . . 1 2 . 1 . 2 . Data Loss (major) 3 | . . . . . . . . 1 . . 2 . . Alerts 1 | . . . . . . . 1 . . . . . . Overload Shots . | . . . . . . . . . . . . . . Overflow Damage 23 | . . . 3 . . . 17 2 . . . 1 . Projectiles . | . . . . . . . . . . . . . . Explosions 6 | . . . 3 . . . . 2 . . . 1 . Melee 17 | . . . . . . . 17 . . . . . . Knockbacks . | . . . . . . . . . . . . . . Impact . | . . . . . . . . . . . . . . Kinetic . | . . . . . . . . . . . . . . Secondary . | . . . . . . . . . . . . . . Self-Inflicted Damage 125 | . . . . . . . . 125 . . . . . Shots 6 | . . . . . . . . 6 . . . . . Rammed . | . . . . . . . . . . . . . . Targets Rammed . | . . . . . . . . . . . . . . Kicked . | . . . . . . . . . . . . . . Crushed . | . . . . . . . . . . . . . . Highest Temperature 330 | . 60 216 55 69 . 254 170 189 . 111 . . 330 Average Temperature 69 | . 19 118 20 25 . 102 57 50 . 69 . . 151 Received Heat Transfer 816 | . . 180 133 . . . 257 162 . . . . 84 Effects 3 | . . 3 . . . . . . . . . . . Interference 3 | . . 3 . . . . . . . . . . . Siege Activations . | . . . . . . . . . . . . . . Robots Corrupted . | . . . . . . . . . . . . . . Combat Hostiles . | . . . . . . . . . . . . . . Parts Fried 5 | . . . 1 . . . . 4 . . . . . Impact Corruptions . | . . . . . . . . . . . . . . Robots Melted . | . . . . . . . . . . . . . . Combat Hostiles . | . . . . . . . . . . . . . . Parts Melted 6 | . . . 2 . . 1 1 . . . . . 2 Heat Transferred 3285 | . . . 694 99 . 397 1012 650 . . . 100 333 Parts Sabotaged . | . . . . . . . . . . . . . . Parts Stolen . | . . . . . . . . . . . . . . Parts Stripped . | . . . . . . . . . . . . . . Power Chain Reactions 9 | . . . 2 . . . . 6 . . . 1 . Missiles Intercepted . | . . . . . . . . . . . . . . Alert | -11 -10 -10 -9 -9 -9 -8 -8 -8 -7 -7 -7 -7 -6 ------- Run | Scr Mat Min Mat Min Exi Min Mat Gar Fac Was Fac DSF Fac Peak Influence 729 | 15 162 30 578 235 . 100 272 729 383 134 80 146 121 Initial 382 | . 9 9 . 225 . . 39 1 382 134 79 56 76 Average 211 | 6 94 12 320 227 . 89 96 533 382 119 79 104 81 Maximum Alert Level 3 | . . . 2 1 . . 1 3 1 . . . . Low Security (%) 62 | 100 100 100 35 . . 100 76 8 . 100 100 100 100 Level 1 15 | . . . 15 100 . . 23 4 100 . . . . Level 2 21 | . . . 49 . . . . 82 . . . . . Level 3 . | . . . . . . . . 4 . . . . . Level 4 . | . . . . . . . . . . . . . . Level 5 . | . . . . . . . . . . . . . . High Security . | . . . . . . . . . . . . . . Max Security . | . . . . . . . . . . . . . . Squads Dispatched 6 | . . . 3 . . . 2 . . . . 1 . Investigation 1 | . . . 1 . . . . . . . . . . Extermination . | . . . . . . . . . . . . . . Reinforcement 4 | . . . 2 . . . 1 . . . . 1 . Assault . | . . . . . . . . . . . . . . Garrison 1 | . . . . . . . 1 . . . . . . Intercept . | . . . . . . . . . . . . . . Searches Triggered . | . . . . . . . . . . . . . . Construction Impeded . | . . . . . . . . . . . . . . Haulers Reinforced . | . . . . . . . . . . . . . . Active Scanning Responses . | . . . . . . . . . . . . . . Cargo Convoy Interrupts . | . . . . . . . . . . . . . . Stealth | -11 -10 -10 -9 -9 -9 -8 -8 -8 -7 -7 -7 -7 -6 --------- Run | Scr Mat Min Mat Min Exi Min Mat Gar Fac Was Fac DSF Fac Distress Signals 7 | . 2 . 2 . . . 3 . . . . . . Communications Jammed . | . . . . . . . . . . . . . . Distress Signals . | . . . . . . . . . . . . . . Times Spotted 112 | . 10 23 20 . . 4 14 24 . 6 . 10 1 Peak Tracking Total 15 | . 5 15 6 . . 4 4 10 . 5 . 4 1 Tactical Retreats 13 | . . 7 3 . . . . 1 . 1 . 1 . Traps | -11 -10 -10 -9 -9 -9 -8 -8 -8 -7 -7 -7 -7 -6 ------- Run | Scr Mat Min Mat Min Exi Min Mat Gar Fac Was Fac DSF Fac Traps Triggered 7 | . . . 1 . . . 2 3 1 . . . . Indirectly . | . . . . . . . . . . . . . . Trap Hack Attempts . | . . . . . . . . . . . . . . Triggered . | . . . . . . . . . . . . . . Disarmed . | . . . . . . . . . . . . . . Reprogrammed . | . . . . . . . . . . . . . . Reused . | . . . . . . . . . . . . . . Traps Extracted . | . . . . . . . . . . . . . . Installed . | . . . . . . . . . . . . . . Triggered . | . . . . . . . . . . . . . . Machines | -11 -10 -10 -9 -9 -9 -8 -8 -8 -7 -7 -7 -7 -6 ---------- Run | Scr Mat Min Mat Min Exi Min Mat Gar Fac Was Fac DSF Fac Machines Disabled 6 | . 1 . 1 . . . . 3 . . . 1 . Max in Single Turn 2 | . 1 . 1 . . . . 2 . . . 1 . Phase Generator 1 | . . . . . . . . 1 . . . . . Machines Sabotaged . | . . . . . . . . . . . . . . Overloaded Fab Kills . | . . . . . . . . . . . . . . Hacking | -11 -10 -10 -9 -9 -9 -8 -8 -8 -7 -7 -7 -7 -6 --------- Run | Scr Mat Min Mat Min Exi Min Mat Gar Fac Was Fac DSF Fac Machines Accessed 23 | . 6 1 2 1 1 . 5 2 . . 3 . 2 Terminals 19 | . 6 . 2 . . . 4 2 . . 3 . 2 Fabricators . | . . . . . . . . . . . . . . Repair Stations . | . . . . . . . . . . . . . . Recycling Units . | . . . . . . . . . . . . . . Scanalyzers . | . . . . . . . . . . . . . . Garrison Access 1 | . . . . . . . 1 . . . . . . Total Hacks 50 | . 16 1 7 1 1 . 14 3 . . 4 . 3 Successful 27 | . 9 1 1 1 1 . 10 . . . 3 . 1 Failed 22 | . 6 . 6 . . . 4 3 . . 1 . 2 Catastrophic 4 | . . . 1 . . . . 2 . . 1 . . Database Lockouts 1 | . 1 . . . . . . . . . . . . Manual 36 | . 15 . 7 . 1 . 10 . . . 3 . . Terminals 46 | . 16 . 7 . . . 13 3 . . 4 . 3 Fabricators . | . . . . . . . . . . . . . . Repair Stations . | . . . . . . . . . . . . . . Recycling Units . | . . . . . . . . . . . . . . Scanalyzers . | . . . . . . . . . . . . . . Garrison Access 1 | . . . . . . . 1 . . . . . . Terminal Hacks 18 | . 5 1 1 1 1 . 6 . . . 2 . 1 Robot Analysis 5 | . 1 . 1 . . . 3 . . . . . . Prototype ID Bank 1 | . 1 . . . . . . . . . . . . Open Door 2 | . . 1 . 1 . . . . . . . . . Open DSF 2 | . . . . . . . . . . . 1 . 1 Terminal Index 3 | . 1 . . . . . 1 . . . 1 . . Unreport Threat 4 | . 2 . . . . . 2 . . . . . . EX-Prototype ID Bank 1 | . . . . . 1 . . . . . . . . Fabricator Hacks . | . . . . . . . . . . . . . . Repair Station Hacks . | . . . . . . . . . . . . . . Recycling Unit Hacks . | . . . . . . . . . . . . . . Scanalyzer . | . . . . . . . . . . . . . . Garrison Access Hacks 1 | . . . . . . . 1 . . . . . . Unlock Access 1 | . . . . . . . 1 . . . . . . Unauthorized Hacks 8 | . 4 . . . . . 3 . . . 1 . . Terminals 8 | . 4 . . . . . 3 . . . 1 . . Track 2 | . 2 . . . . . . . . . . . . Assimilate 1 | . 1 . . . . . . . . . . . . Botnet 4 | . 1 . . . . . 2 . . . 1 . . Operators 1 | . . . . . . . 1 . . . . . . Fabricators . | . . . . . . . . . . . . . . Repair Stations . | . . . . . . . . . . . . . . Recycling Units . | . . . . . . . . . . . . . . Scanalyzers . | . . . . . . . . . . . . . . Garrison Access . | . . . . . . . . . . . . . . Data Cores Recovered 1 | . 1 . . . . . . . . . . . . Used 1 | . 1 . . . . . . . . . . . . Hacking Detections 17 | . 5 . 2 . . . 4 2 . . 3 . 1 Full Trace Events 2 | . . . 1 . . . . 1 . . . . . Feedback Events . | . . . . . . . . . . . . . . Feedback Blocked . | . . . . . . . . . . . . . . Robot Schematics Acquired . | . . . . . . . . . . . . . . Robots Built . | . . . . . . . . . . . . . . Authchips . | . . . . . . . . . . . . . . Time . | . . . . . . . . . . . . . . Total Robot Build Rating . | . . . . . . . . . . . . . . Part Schematics Acquired . | . . . . . . . . . . . . . . Parts Built . | . . . . . . . . . . . . . . Authchips . | . . . . . . . . . . . . . . Time . | . . . . . . . . . . . . . . Total Part Build Rating . | . . . . . . . . . . . . . . Parts Repaired . | . . . . . . . . . . . . . . Time . | . . . . . . . . . . . . . . Parts Recycled . | . . . . . . . . . . . . . . Recycled Matter . | . . . . . . . . . . . . . . Retrieved Matter . | . . . . . . . . . . . . . . Retrieved Components . | . . . . . . . . . . . . . . Parts Scanalyzed . | . . . . . . . . . . . . . . Part Schematics Acquired . | . . . . . . . . . . . . . . Parts Damaged . | . . . . . . . . . . . . . . Bothacking | -11 -10 -10 -9 -9 -9 -8 -8 -8 -7 -7 -7 -7 -6 ------------ Run | Scr Mat Min Mat Min Exi Min Mat Gar Fac Was Fac DSF Fac Used RIF Installer 1 | . . . . . . . . 1 . . . . . Robots Hacked . | . . . . . . . . . . . . . . Non-combat . | . . . . . . . . . . . . . . Combat . | . . . . . . . . . . . . . . Robot Hacks Applied . | . . . . . . . . . . . . . . Relay Couplers Released . | . . . . . . . . . . . . . . Fabnet Peak Effective % . | . . . . . . . . . . . . . . Robots Rewired . | . . . . . . . . . . . . . . Allies Hacked . | . . . . . . . . . . . . . . Hacks Repelled . | . . . . . . . . . . . . . . Allies | -11 -10 -10 -9 -9 -9 -8 -8 -8 -7 -7 -7 -7 -6 -------- Run | Scr Mat Min Mat Min Exi Min Mat Gar Fac Was Fac DSF Fac Total Allies 7 | . 1 3 . . . . . . . 1 1 1 . Largest Group 4 | . 1 4 . . . . . . . 1 1 2 . Highest-Rated Group 141 | . 10 50 . . . . . . . 141 10 100 . Highest-Rated Ally 141 | . 10 16 . . . . . . . 141 10 90 . Total Orders . | . . . . . . . . . . . . . . Ally Attacks 33 | . . 24 . . . . . . . 3 . 6 . Total Damage 503 | . . 215 . . . . . . . 125 . 163 . Kills 4 | . . 3 . . . . . . . . . 1 . Allies Corrupted 1 | . . 1 . . . . . . . . . . . Allies Melted . | . . . . . . . . . . . . . . Field Lobotomies 3 | . . . . . . . . . . 1 1 1 . Intel | -11 -10 -10 -9 -9 -9 -8 -8 -8 -7 -7 -7 -7 -6 ------- Run | Scr Mat Min Mat Min Exi Min Mat Gar Fac Was Fac DSF Fac Robot Analysis Total 5 | . 1 . 1 . . . 3 . . . . . . Derelict Logs Recovered 2 | . . 1 . 1 . . . . . . . . . Drone Launches . | . . . . . . . . . . . . . . Drone Recoveries . | . . . . . . . . . . . . . . Exploration | -11 -10 -10 -9 -9 -9 -8 -8 -8 -7 -7 -7 -7 -6 ------------- Run | Scr Mat Min Mat Min Exi Min Mat Gar Fac Was Fac DSF Fac Turns Passed 3649 | 67 359 418 306 245 250 106 472 712 76 110 143 224 161 Spaces Moved 2690 | 41 286 362 195 234 255 73 282 455 61 98 127 108 113 Core 8 | 8 . . . . . . . . . . . . . Treads . | . . . . . . . . . . . . . . Legs . | . . . . . . . . . . . . . . Wheels 2682 | 33 286 362 195 234 255 73 282 455 61 98 127 108 113 Hover . | . . . . . . . . . . . . . . Flight . | . . . . . . . . . . . . . . Fastest Speed 50 | 50 90 90 90 95 95 110 110 120 108 108 108 105 105 Average Speed 104 | 85 93 93 93 95 96 110 117 120 108 108 108 113 113 Slowest Speed 155 | 100 125 105 95 95 110 110 155 145 108 108 108 120 143 Overloaded Moves . | . . . . . . . . . . . . . . Propulsion Burnouts . | . . . . . . . . . . . . . . Robots Hopped . | . . . . . . . . . . . . . . Cave-ins Triggered . | . . . . . . . . . . . . . . Exploration Rate (%) 42 | 4 61 83 29 54 64 21 42 83 2 71 4 77 6 Regions Visited 13 Branch Regions 4 Pre-discovered Areas 1 | . . 1 . . . . . . . . . . . Known Exits Taken 3 | . . . . . . 1 1 . . . 1 . . Unknown Exits Taken 6 | 1 1 1 1 1 1 . . . . . . . . Scrap Searched 4 | . . 3 . 1 . . . . . . . . . Spaces Dug 15 | . 5 . 2 . . . 6 . 1 . 1 . . Terrain Destroyed 136 | . 7 . 10 . . . 6 106 1 . 1 5 . Melee 10 | . . . 2 . . . 6 . 1 . 1 . . Projectile 7 | . 7 . . . . . . . . . . . . AOE 119 | . . . 8 . . . . 106 . . . 5 . Terrain Rammed . | . . . . . . . . . . . . . . Walls Destroyed . | . . . . . . . . . . . . . . Machines Disabled . | . . . . . . . . . . . . . . Actions | -11 -10 -10 -9 -9 -9 -8 -8 -8 -7 -7 -7 -7 -6 --------- Run | Scr Mat Min Mat Min Exi Min Mat Gar Fac Was Fac DSF Fac Total 3209 | 61 341 405 274 249 258 84 366 548 74 100 129 191 129 Wait 54 | . 4 . 4 . . . . 15 . . . 30 1 Move 2677 | 40 285 361 194 233 254 72 281 453 61 97 126 107 113 Hop . | . . . . . . . . . . . . . . Pick Up 57 | 4 12 3 8 2 2 3 12 2 2 1 . 5 1 Fast Attach 33 | 9 2 2 6 1 . . 9 2 1 . . 1 . Attach 32 | . 1 7 4 1 . . 5 3 2 1 . 6 2 Detach 26 | 2 3 . 6 1 . . 2 1 3 . . 7 1 Swap 103 | 1 13 7 15 3 1 3 15 29 . . 1 13 2 Drop 53 | 1 7 4 8 4 1 . 12 1 4 . . 11 . Fire 145 | 4 14 18 24 4 . 6 20 33 . 1 1 11 9 Melee 21 | . . 3 5 . . . 10 1 1 . 1 . . Ram . | . . . . . . . . . . . . . . Kick . | . . . . . . . . . . . . . . Crush . | . . . . . . . . . . . . . . Escape Stasis 8 | . . . . . . . . 8 . . . . . Rewire . | . . . . . . . . . . . . . . Trap . | . . . . . . . . . . . . . . Miscellaneous . | . . . . . . . . . . . . . . Route ------- -11/Scrapyard -10/Materials (discovered 2 exits: *Mat / *Min) -10/Mines -9/Materials -9/Mines (discovered 3 exits: *Mat x2 / *Exi) -9/Exiles (discovered 2 exits: [*Min x2]) -8/Mines -8/Materials -8/Garrison (discovered 3 exits: [*Fac x3]) -7/Factory -7/Waste -7/Factory -7/DSF -6/Factory (discovered 1 exit: [*Fac]) History --------- Turn | Location | Event 9 | -11/Scrapyard | Discovered new exit (range 14) 68 | -11/Scrapyard | Entered Materials 236 | -10/Materials | Discovered new exit (range 6) 314 | -10/Materials | Build established: Mutant 333 | -10/Materials | Discovered new exit (range 15) 382 | -10/Materials | Central database locked down 427 | -10/Materials | Entered Mines 427 | -10/Mines | Accompanied by 1 ally 429 | -10/Mines | Assisted by bots powering up and referring to "LRC-V3" 457 | -10/Mines | Learned location of Zion (-6) 558 | -10/Mines | Found the Drone Emporium 562 | -10/Mines | Found Prototype Device 562 | -10/Mines | Identified Splice Drone Bay 611 | -10/Mines | A weapon hastily lodged in a ceiling crevice suddenly fell to the ground 642 | -10/Mines | Assembled infested the area 717 | -10/Mines | Core integrity fell below 50% 745 | -10/Mines | Lost 8 parts (1p2n5w) 840 | -10/Mines | Discovered new exit (range 5) 845 | -10/Mines | Entered Materials 845 | -9/Materials | Evolved 2 slots: Propulsion x1, Utility x1 1044 | -9/Materials | Destroyed 12 combat bots 1113 | -9/Materials | Discovered new exit (range 15) 1151 | -9/Materials | Entered Mines 1173 | -9/Mines | Deemed a non-threat by the Exiles lab entrance 1173 | -9/Mines | Discovered new exit (range 5) 1218 | -9/Mines | Build established: Scavenger-Mutant 1254 | -9/Mines | Identified exit to Materials 1269 | -9/Mines | Discovered exit to Materials (range 5) 1276 | -9/Mines | Met a Derelict who couldn't figure out how to use a Trap Extractor 1339 | -9/Mines | Found a hidden stash of uninstalled traps 1396 | -9/Mines | Entered Exiles 1412 | -9/Exiles | Discovered new exit (range 15) 1422 | -9/Exiles | Met 8R-AWN 1436 | -9/Exiles | Met EX-HEX 1492 | -9/Exiles | Met EX-BIN 1502 | -9/Exiles | Aligned with FarCom system 1503 | -9/Exiles | Given EX-Vault access code 1525 | -9/Exiles | Opened EX-Vault 1534 | -9/Exiles | Found Field Lobotomy Kit 1555 | -9/Exiles | Warned to stay clear of 0b10 Research branches 1586 | -9/Exiles | Met EX-DEC 1632 | -9/Exiles | Discovered new exit (range 15) 1646 | -9/Exiles | Left Exiles lab with Field Lobotomy Kit 1646 | -9/Exiles | Entered Mines 1695 | -8/Mines | Discovered exit to Materials (range 14) 1752 | -8/Mines | Entered Materials 1752 | -8/Materials | Evolved 2 slots: Utility x1, Weapon x1 2208 | -8/Materials | Garrison activated, responded to threat 2223 | -8/Materials | Identified exit to Garrison 2224 | -8/Materials | Entered Garrison 2228 | -8/Garrison | Triggered checkpoint 2243 | -8/Garrison | Phase Generator disabled 2341 | -8/Garrison | Destroyed 14 combat bots 2344 | -8/Garrison | Triggered checkpoint 2380 | -8/Garrison | Installed Relay Interface Framework 2532 | -8/Garrison | Triggered checkpoint 2607 | -8/Garrison | Discovered new exit (range 10) 2686 | -8/Garrison | Triggered checkpoint 2718 | -8/Garrison | Build established: Skirmisher 2758 | -8/Garrison | Discovered new exit (range 15) 2804 | -8/Garrison | Triggered checkpoint 2861 | -8/Garrison | Discovered new exit (range 12) 2936 | -8/Garrison | Entered Factory 2936 | -7/Factory | Evolved 2 slots: Propulsion x1, Utility x1 2937 | -7/Factory | Found Scrap Engine 3012 | -7/Factory | Sucked down chute 3012 | -7/Factory | Entered Waste 3019 | -7/Waste | Spotted C-40 Crusher 3023 | -7/Waste | Spotted C-40 Crusher 3026 | -7/Waste | Assimilated C-40 Crusher with FLK Orb 3027 | -7/Waste | EMP discharged 3029 | -7/Waste | Spotted C-40 Crusher 3033 | -7/Waste | Spotted C-40 Crusher 3066 | -7/Waste | Spotted C-40 Crusher 3071 | -7/Waste | Spotted C-40 Crusher 3113 | -7/Waste | Discovered new exit (range 10) 3122 | -7/Waste | Entered Factory 3122 | -7/Factory | Assimilated O-16 Technician with FLK Orb 3264 | -7/Factory | Identified exit to DSF 3265 | -7/Factory | Entered DSF 3265 | -7/DSF | Accompanied by 1 ally 3285 | -7/DSF | Assimilated H-61 Shepherd with FLK Orb 3295 | -7/DSF | Additional patrols routed to DSF 3362 | -7/DSF | Discovered new exit (range 15) 3489 | -7/DSF | Entered Factory 3489 | -6/Factory | Evolved 2 slots: Utility x2 3619 | -6/Factory | Discovered new exit (range 9) 3650 | -6/Factory | Self-destructed Last Messages --------------- Renamed Wheeled Compact-Armored Exoskeleton. 03589_ Arm. Scrap Engine consumes Imp. Gravmag System. 03593_ Arm. Scrap Engine consumes Lgt. Fission Core. 03599_ Connecting with DSF Access... 03619_ EXIT=FOUND 03622_ Slug penetrates R-10 Processor. 03622_ R-10 Processor destroyed. 03624_ Slug penetrates Y-54 Guardian. 03633_ K-01 Serf destroyed. 03634_ Adv. Terrain Scanner destroyed. 03634_ K-01 Serf destroyed. 03635_ Slug penetrates Y-54 Guardian. 03638_ Gatling Laser melted. 03638_ Imp. Heat Sink melted. 03638_ Y-54 Guardian destroyed. 03642_ Acquired 93 matter. 03648_ Scrap Engine modifies Laser Particle Construct/G: Range +4, Energy Cost -9, Max Integrity +56, Max Damage -3, Min Damage -3, Coverage +40 Renamed Ballistic Construct/G. Map ----- +----------------------------------------------------+ | | | | | | | | | | | | | | | ?????????????????????####??#?###############?#?### | | ???????????????????#?##?###??# ###?#### | | ?????????????????#??##?###??## ######T | | ???????????????????#?#?#?#?#?# ##### | | ???????????????#???##?#?###### ##### | | ????????????????##?###????#?## """ """ + | | ????????????????#???#??##???## """ """ # | | ????????????????#???#??#??#??# """ """ # | | ????????????? #?####?###?#### # | | ???????????????#??????###???## """ """ # | | ????????????? ?#?????##?####?# """ """ # """"" | | ?????????????? ????#???####### """ """ + | | ??????????????#?#??########### # """"" | | ?????????????#?##??# ####+######### | | ??????????? ####### = """"" | | ??????????? *%= | | ?????????? = %! =! | | ????????H? !% <% =%* = | | ?????????? = @ | | ?????????? R k | | ?????????????####### | | ??????????????#????# ####+############### | | ????????????????##?#####+####### ? ? ### | | ???????????????#????????? ?? ???? "?"""" ### | | ?????????????????#? ??? ?? ?? """"""? ### | | ?????????????????? ? ??? ? ? ??# """""" ### | | ?????????????????????????"??" ??? "?""?? ### | | ???????????????????????"????"??# ? ? #?# | | ????????????????????"??" ??"? ?######?########## | | ????????????????????"????"???????###? ?# | | ????????????????????""????""? ??#?##? # | | ?????????????????????????"?"???##??#? ? # | | ???????????????????????? ???? #?##? ? "?" """ # | | ????????????????????????????? ?#?### ?"" """ # | | ?????????????????????????????????#???? """ """ + | | ????????????????????????????????##?#? # | | ????????????????????????????????#?## """ """ # | | ???????????????????????????????#?#?#? ?""" """ ?# | | ????????????????????????????????##??? ?""" """ # | | ????????????????????????????? ????##??? ? # | | ?????????????????????????????????### ?? # | | ????????????????????????????????????#??+######### | | ????????????????????????????????????###??#? ??# | +----------------------------------------------------+ Best States ------------- Heat Dissipation 59 Energy Generation 14 Energy Capacity 280 Matter Stores 373 Matter Capacity 500 Sight Range 18 Terrain Scan Range 20 Terrain Scan Density 210 Armor Coverage 150 Weapon Cycling 15 Evasion (%) 50 Recoil Reduction 2 Item Schematics ----------------- None Robot Schematics ------------------ None Fabricated ------------ Nothing Alien Tech Used ----------------- None Achievements -------------- None Challenges ------------ None Game ------ Seed SmartbombDrainedRedirector Manual? 0 Play Time 01:20:05 Cumulative 759.9 hours Start 2022.09.03 @ 15:06:51 End 2022.09.03 @ 17:23:28 Sessions 5 Manual Loads 0 Difficulty Rogue Special Mode None Game No. 400 Rogue 273 Adventurer 125 Explorer 2 Win Type - Total 90 Types 75/7/4/1/1/0/0/1/1 Lore% 82 Gallery% 88 Achievement% 78 Wizard Run 0 Options --------- ASCII 0 Keyboard 1 Movement Numpad Keybinds 0 Fullscreen 1 Font 36/TerminusFine Map View 76x50 Tactical HUD 1 Map Filters NONE Filters NONE Steam 1 RUN: bc188cfb-4f81-4499-aaab-1b555811912e